 Dungeon Crawl Stone Soup version 0.28-a0-425-gd0eccab798 (webtiles) character file.

Game seed: 5200174143755819379

2 SkeletonJelly the Firebug (level 1, -1/13 HPs)
             Began as a Deep Elf Cinder Acolyte on Sept 9, 2021.
             Was a High Priest of Ignis.
             Slain by a goblin (3 damage)
             ... on level 1 of the Dungeon.
             The game lasted 00:00:27 (66 turns).

SkeletonJelly the Firebug (Deep Elf Cinder Acolyte)   Turns: 66, Time: 00:00:28

Health: -1/13      AC:  2    Str: 11    XL:     1   Next: 25%
Magic:  5/5        EV: 11    Int: 18    God:    Ignis [*****.]
Gold:   0          SH:  0    Dex: 10    Spells: 3/3 levels left

rFire   + . .      SeeInvis .   a - -1 falchion (flame)
rCold   . . .      Faith    .   (no shield)
rNeg    . . .      Spirit   .   b - +0 robe
rPois   .          Reflect  .   (no helmet)
rElec   .          Harm     .   (no cloak)
rCorr   .          Rampage  .   (no gloves)
Will    .....                   (no boots)
Stlth   +.........              (no amulet)
HPRegen 0.04/turn               (no ring)
MPRegen 0.09/turn               (no ring)

@: no status effects
A: no striking features
a: Renounce Religion, Sea of Fire, Foxfire Swarm, Rising Flame


You were on level 1 of the Dungeon.
You worshipped Ignis.
Ignis was extremely pleased with you.
You visited 1 branch of the dungeon, and saw 1 of its levels.

Inventory:

Hand Weapons
 a - a -1 falchion of flaming (weapon)
Armour
 b - a +0 robe (worn)
Scrolls
 c - a scroll of amnesia {unknown}
 d - a scroll of noise {unknown}


   Skills:
 - Level 2.4 Fighting
 + Level 2.8 Long Blades
 - Level 1.5 Spellcasting
 - Level 3.2 Fire Magic


You had 3 spell levels left.
You didn't know any spells.
Your spell library contained the following spells:

 Spells                   Type           Power      Damage    Failure   Level
 Scorch                   Fire           26%        2d6       8%          2


Dungeon Overview and Level Annotations

Branches:
Dungeon (1/15)

Altars:


Message History

You add the spell Scorch to your library.
Welcome, SkeletonJelly the Deep Elf Cinder Acolyte.
Will you prevail where others failed? Will you find the Orb of Zot?
The flames of Ignis gently warm you.
Press ? for a list of commands and other information.
Found a scroll labelled WELEMO HAWKO and a scroll labelled QESASA TUMOE.
Found a staircase leading out of the dungeon.
You enter the shallow water.
Moving in this stuff is going to be slow.
c - a scroll labelled WELEMO HAWKO You see here 30 arrows.
d - a scroll labelled QESASA TUMOE A frilled lizard comes into view.
The frilled lizard hisses angrily.
A frilled lizard is nearby!
A frilled lizard is nearby!
A frilled lizard is nearby!
You slash the frilled lizard! You burn the frilled lizard.
You kill the frilled lizard!
A hobgoblin comes into view. It is wielding a +0 long sword.
The hobgoblin shouts!
No target in view!
No target in view!
No target in view!
No target in view!
No target in view!
No target in view!
You see here a scroll labelled HIWEHAWAAVE.
A hobgoblin is nearby!
A hobgoblin is nearby!
A hobgoblin is nearby!
A hobgoblin is nearby!
A goblin comes into view. It is wielding a +0 club.
The goblin shouts!
You hit the hobgoblin. You burn the hobgoblin.
The hobgoblin is heavily wounded.
The hobgoblin closely misses you. x2
You closely miss the hobgoblin.
The hobgoblin is heavily wounded.
The hobgoblin hits you with a +0 long sword!
Ouch! That really hurt!
* * * LOW HITPOINT WARNING * * *
You take 12 damage, and have 1/13 hp.
MASSIVE DAMAGE!!
You are too injured to fight recklessly!
You are too injured to fight recklessly!
You are too injured to fight recklessly!
You are too injured to fight recklessly!
You are too injured to fight recklessly!
You are too injured to fight recklessly!
You slash the hobgoblin! You burn the hobgoblin.
You kill the hobgoblin!
You miss the goblin. The goblin hits you with a +0 club.
You die...

...#..≈..≈.≈≈..#
#..#..≈.≈≈≈.≈≈.#
#..##.≈≈≈≈≈≈≈..#
...##..≈≈≈≈....#
##.#...≈≈≈<≈≈..#
#...≈.≈≈≈..≈#
#≈...≈≈≈...≈#
#≈...≈≈..(.≈#
#≈≈.....g@≈≈#
#≈≈.......≈≈#
#≈≈.......≈≈#
#≈≈≈.....≈≈≈#
#≈≈≈≈...≈≈≈≈#
#≈≈≈≈≈≈≈≈≈≈≈#
#############


You could see a goblin.

Vanquished Creatures
  A hobgoblin (D:1)
  A frilled lizard (D:1)
2 creatures vanquished.

Notes
Turn   | Place    | Note
-------+----------+-------------------------------------------
     0 | D:1      | SkeletonJelly the Deep Elf Cinder Acolyte began the quest
                  | for the Orb.
     0 | D:1      | Reached XP level 1. HP: 13/13 MP: 5/5
    66 | D:1      | Slain by a goblin

Illustrated notes

Levels and vault maps discovered:
D:1:      dpeg_arrival_more_subterranean_lakeside_camping, layout_rooms

Action                   || total
-------------------------++-------
Melee: Falchion          ||     5
Dodge: Dodged            ||     2

Table legend: (Time is in decaauts)
 A = Elapsed time spent in this place.
 B = Non-inter-level travel time spent in this place.
 C = Inter-level travel time spent in this place.
 D = Time resting spent in this place.
 E = Time spent auto-exploring this place.
 F = Levels seen in this place.
 G = Mean time per level.
                   A        B        C        D        E       F      G
               +--------+--------+--------+--------+--------+-----+--------+
         Total |     67 |     67 |      0 |      0 |     26 |   1 |   67.0 |
       Dungeon |     67 |     67 |      0 |      0 |     26 |   1 |   67.0 |
               +--------+--------+--------+--------+--------+-----+--------+

Top non-repeatable levels by time:
     D:1: 67 daAuts
